 Dungeon Crawl Stone Soup version 0.17-a0-1562-g9b2c768 (webtiles) character file.

348417 xXxYoL0xXxSWAGxXx the Cloud Mage (level 20, -21/143 (144) HPs)
             Began as a Demigod Conjurer on July 20, 2015.
             Killed from afar by a Hell Sentinel (34 damage)
             ... with a blast of hellfire
             ... on level 1 of the Abyss.
             The game lasted 05:49:21 (86660 turns).

xXxYoL0xXxSWAGxXx the Cloud Mage (DgCj)            Turns: 86660, Time: 05:49:23

HP:   -21/143 (144) AC: 11    Str:  9      XL:     20   Next: 37%
MP:   48/53         EV: 19    Int: 37 (38) God:
Gold: 1746          SH:  6    Dex:  9      Spells: 10 memorised, 0 levels left

rFire  + . .     SeeInvis +     P - staff of energy
rCold  + . .     Clarity  +     Y - +3 leather armour {rN+}
rNeg   + . .     SustAt   +     v - +2 buckler "Duennal" {rC+ Str+2 Int+5 Dex-3}
rPois  .         Gourm    .     T - +0 mask of the Dragon {MR+ Slay+3 SInv}
rElec  .         Spirit   .     S - +0 cloak
rCorr  .         Warding  .     U - +0 pair of gloves "Naaruoc" {Int+2 Slay+5}
rMut   .         Stasis   .     L - +1 pair of boots of Fortification {rF+}
MR     +++..                    x - amulet of regeneration
Stlth  ++........               w - ring of magical power
                                B - +4 ring of evasion

@: lethally poisoned (-21 -> -52), very slightly contaminated, non-regenerating,
badly diseased, hasted and slowed, deflect missiles, extremely resistant to
hostile enchantments, unstealthy
A: hooves 1, camouflage 1, berserk 3, blurry vision 2, clarity, clever 1, clumsy
2, deformed body, dopey 1, frail 1, high mp 1, weak 2, sustain attributes,
MP-powered wands
a: no special abilities
}: 2/15 runes: decaying, serpentine


You were on level 1 of the Abyss.
You were hungry.

You visited 7 branches of the dungeon, and saw 41 of its levels.
You visited the Abyss 1 time.
You visited 1 bazaar.
You also visited: Ossuary.

You collected 4844 gold pieces.
You spent 3098 gold pieces at shops.

Inventory:

Hand weapons
 F - a +0 dagger of protection
 I - a +1 quick blade of distortion
 R - the +4 long sword of Hemikeblir {elec, +Rage Dex+4}
   (You bought it in a shop on level 4 of the Orcish Mines)

   Occasionally, upon striking a foe, it will discharge some electrical energy
   and cause terrible harm.
   It affects your dexterity (+4).
   It lets you go berserk.
Armour
 v - the +2 buckler "Duennal" (worn) {rC+ Str+2 Int+5 Dex-3}
   (You found it on level 8 of the Lair of Beasts)

   It affects your strength (+2).
   It affects your intelligence (+5).
   It affects your dexterity (-3).
   It protects you from cold.
 z - a +5 fire dragon armour
 L - the +1 pair of boots of Fortification (worn) {rF+}
   (You acquired it on level 4 of the Orcish Mines)

   It protects you from fire.
 S - a +0 cloak (worn)
 T - the +0 mask of the Dragon (worn) {MR+ Slay+3 SInv}
   (You bought it in a shop on level 15 of the Dungeon)

   It affects your accuracy and damage with ranged weapons and melee attacks
   (+3).
   It affects your resistance to hostile enchantments.
   It lets you see invisible.
 U - the +0 pair of gloves "Naaruoc" (worn) {Int+2 Slay+5}
   (You found it on level 8 of the Dungeon)

   It affects your intelligence (+2).
   It affects your accuracy and damage with ranged weapons and melee attacks
   (+5).
 Y - a +3 leather armour of positive energy (worn)
Magical staves
 P - an uncursed staff of energy (weapon)
Jewellery
 g - an uncursed amulet of resist corrosion
 h - an uncursed ring of protection from magic
 j - an uncursed ring of teleportation
 k - an uncursed ring of invisibility {unknown}
 u - a +3 ring of strength
 w - a ring of magical power (right hand)
 x - an amulet of regeneration (around neck)
 B - a +4 ring of evasion (left hand)
 E - an uncursed ring of wizardry
 G - an uncursed ring of poison resistance
 N - an uncursed amulet of the gourmand
Magical devices
 f - a wand of cold (7)
 o - a wand of teleportation (0)
 p - a wand of paralysis (12)
 q - a wand of fireball (7)
 K - a wand of invisibility (4)
 O - a wand of digging (4)
Scrolls
 a - 15 scrolls of identify
 d - a scroll of brand weapon
 e - 16 scrolls of remove curse
 l - a scroll of enchant weapon
 n - 7 scrolls of magic mapping
 y - 8 scrolls of recharging
 M - 4 scrolls of fear
 Q - 3 scrolls of summoning
 X - 3 scrolls of amnesia
Potions
 m - 7 potions of heal wounds
 r - 5 potions of resistance
 t - 3 potions of haste
 A - 3 potions of flight
 C - 12 potions of curing
Books
 i - a book of the Sky

   Spells                             Type                      Level
   a - Summon Lightning Spire         Summoning/Air                4
   b - Airstrike                      Air                          4
   c - Silence                        Hexes/Air                    5
   d - Deflect Missiles               Charms/Air                   6
   e - Conjure Ball Lightning         Conjuration/Air              6
   f - Tornado                        Air                          9
 W - a book of Callings

   Spells                             Type                      Level
   a - Summon Small Mammal            Summoning                    1
   b - Call Imp                       Summoning                    2
   c - Call Canine Familiar           Summoning                    3
   d - Summon Guardian Golem          Hexes/Summoning              3
   e - Summon Lightning Spire         Summoning/Air                4
   f - Summon Ice Beast               Ice/Summoning                4
 Z - a book of the Tempests

   Spells                             Type                      Level
   a - Static Discharge               Conjuration/Air              3
   b - Lightning Bolt                 Conjuration/Air              5
   c - Fireball                       Conjuration/Fire             5
   d - Tornado                        Air                          9
   e - Shatter                        Earth                        9
Miscellaneous
 b - a fan of gales
 D - a sack of spiders {used: 3}
Comestibles
 c - 20 bread rations
 s - a meat ration
 H - 64 fruits


   Skills:
 - Level 10.0 Fighting
 - Level 0.1 Staves
 - Level 10.0 Armour
 - Level 10.0 Dodging
 - Level 1.7 Stealth
 - Level 4.0 Shields
 - Level 14.2 Spellcasting
 - Level 10.0 Conjurations
 - Level 11.2 Charms
 + Level 21.4 Air Magic
 - Level 8.0 Evocations


You couldn't memorise any spells.
You knew the following spells:

 Your Spells              Type           Power        Failure   Level  Hunger
a - Magic Dart            Conj           ####         1%          1    None
b - Searing Ray           Conj           ######       1%          2    None
c - Iskenderun's Mystic   Conj           #######.     1%          4    None
d - Conjure Ball Lightni  Conj/Air       #######...   1%          6    None
e - Iskenderun's Battles  Conj/Chrm      #######.     1%          5    None
f - Haste                 Chrm           #######.     2%          6    None
g - Deflect Missiles      Chrm/Air       #######...   1%          6    None
h - Regeneration          Chrm/Necr      ######....   1%          3    None
i - Tornado               Air            ########..   21%         9    None
j - Lightning Bolt        Conj/Air       #######...   1%          5    None


Dungeon Overview and Level Annotations

Branches:
Dungeon (15/15)            Temple (0/1) D:4            Lair (8/8) D:10
  Swamp (4/4) Lair:5        Snake (4/4) Lair:5        Slime (0/6) Lair:7
    Orc (4/4) D:10            Elf (2/3) Orc:4        Vaults (4/5) D:14
  Crypt (0/3) Vaults:3     Depths (0/5) D:15

Shops:
D:12 ?   D:15 [   Orc:1 (%}*   Orc:3 (   Orc:4 [?!(   Elf:1 *   Snake:1 *
Vaults:1 [

Annotations:
D:2 Sigmund
D:3 namelastname112's ghost, average DrSk
D:5 exclusion: 2 doors
Swamp:4 Lernaean hydra
Snake:2 Wiglaf
Elf:2 5 runed doors


Innate Abilities, Weirdness & Mutations

You have an increased reservoir of magic (+10% MP).
Your attributes are resistant to harm.
You have large cloven feet.
Your skin changes colour to match your surroundings (Stealth).
You possess an exceptional clarity of mind.
Your mind is acute. (Int +2)
[You have an uncontrollable temper.]
[Scrolls take you longer to read.]
[You are very clumsy. (Dex -4)]
[Armour fits poorly on your strangely shaped body.]
[You are dopey. (Int -2)]
[You are frail (-10% HP).]
[You are very weak. (Str -4)]
[You expend magic power (3 MP) to strengthen your wands.]


Message History

You are engulfed in dark miasma.
You are poisoned.
* * * LOW HITPOINT WARNING * * *
You feel sick. The Hell Sentinel gestures at you. The iron shot misses you.
Unknown command.
You feel sick.
You feel sick. The death drake breathes miasma at you.
The foul vapour misses you.
You see here a plate armour.
You are engulfed in dark miasma.
You are more poisoned.
You feel your flesh rotting away!
You feel ill.
* * * LOW HITPOINT WARNING * * *
x2 You feel sick.
The Hell Sentinel gestures at you.
The hellfire explodes!
The blast of hellfire engulfs you!
You die...

#. .##..
#.##§.......
#x.s######
##.#§.#..#
#..#§#k.###
k.#§#1§..#
#h.###§#######
..#§§§§#§§...#
h.[##§##@#.# #
## #. ####.#.
# # ## . ..#


You could see a Hell Sentinel, a death drake and a hell hog (wandering).

Vanquished Creatures
  Norris (Snake:2)
  Saint Roka (Orc:4)
  Nikola (Snake:2)
  A lich (Vaults:4)
  A titan (Vaults:4)
  2 sphinxes (Vaults:4)
  Gastronok (D:8)
  A tengu reaver (Vaults:4)
  A sphinx (shapeshifter) (Vaults:4)
  2 thorn hunters
  Kirke (Swamp:3)
  A fire giant (Vaults:3)
  3 frost giants
  4 orc warlords
  3 deep elf sorcerers
  10 greater nagas
  6 vault wardens
  A draconian zealot (Abyss:1)
  3 very ugly things (Vaults:4)
  8 ironheart preservers
  8 stone giants
  A deep elf demonologist (Vaults:2)
  Nessos (D:13)
  3 deep elf annihilators
  5 fire dragons
  6 ettins
  Snorg (D:14)
  2 great orbs of eyes
  Josephine (Lair:6)
  A rakshasa (D:14)
  6 yaktaur captains
  25 hydras
  8 centaur warriors
  17 naga warriors
  A ghost crab (Swamp:4)
  4 ogre magi
  23 anacondas
  A catoblepas (Lair:7)
  10 dancing weapons (Elf:2)
  7 orc high priests (Orc:4)
  5 alligators
  3 death yaks (Lair:8)
  14 naga sharpshooters
  4 shock serpents (Snake:4)
  Sonja (D:15)
  3 fire crabs
  9 deep elf knights
  A wretched star (Abyss:1)
  2 shadow wraiths (Vaults:4)
  A spatial maelstrom (Abyss:1)
  7 swamp dragons
  A flayed ghost (Vaults:3)
  10 salamander mystics
  A spriggan druid (Swamp:3)
  A deep troll (Vaults:4)
  3 deep elf summoners
  5 hill giants
  23 orc knights
  2 giant orange brains
  7 unseen horrors
  3 starcursed masses (Abyss:1)
  A shadow dragon zombie (Vaults:4)
  12 naga ritualists
  11 ironbrand convokers
  4 lindwurms (Snake:4)
  10 orc sorcerers
  A manticore (shapeshifter) (D:14)
  2 deep elf conjurers
  A faun (shapeshifter) (D:14)
  18 mana vipers
  3 harpies (Vaults:4)
  7 griffons
  A lindwurm (shapeshifter) (Vaults:1)
  8 cyclopes
  9 hornets
  3 necromancers
  12 salamanders
  A water nymph (shapeshifter) (Vaults:4)
  23 ugly things
  3 wolf spiders
  A sixfirhy (Abyss:1)
  A wizard (D:14)
  A guardian serpent (shapeshifter) (Vaults:4)
  A worldbinder (Abyss:1)
  A mana viper (shapeshifter) (Abyss:1)
  9 vault sentinels
  An octopode (shapeshifter) (D:14)
  13 elephants
  A salamander (shapeshifter) (Vaults:3)
  A sphinx skeleton (Vaults:4)
  2 smoke demons (Abyss:1)
  10 guardian serpents
  2 molten gargoyles (Lair:5)
  An orange demon (Abyss:1)
  21 naga magi
  Joseph (D:8)
  19 spiny frogs
  7 large abominations (Abyss:1)
  54 black mambas
  An apocalypse crab (Abyss:1)
  29 yaktaurs
  3 fire drakes
  4 gargoyles
  4 kobold demonologists
  7 deep elf priests
  3 freezing wraiths
  2 komodo dragons (shapeshifter)
  2 ancient zymes (Abyss:1)
  8 komodo dragons
  2 jumping spiders
  A human skeleton (Vaults:4)
  10 polar bears
  6 giant leeches
  A hydra skeleton (Abyss:1)
  8 trolls
  14 two-headed ogres
  5 slime creatures
  A trapdoor spider zombie (D:11)
  4 raiju
  8 boulder beetles
  An iron dragon simulacrum (Abyss:1)
  20 blink frogs
  10 wraiths
  A flying skull (Abyss:1)
  2 wyverns
  13 redbacks
  A vampire (Vaults:3)
  2 fire elementals
  4 shadows
  77 yaks
  2 hogs (Swamp:3)
  3 fire bats (Lair:6)
  21 deep elf fighters
  13 deep elf magi
  3 trapdoor spiders
  2 neqoxecs (Abyss:1)
  3 spriggans (Swamp:1)
  A chaos spawn (Abyss:1)
  18 wargs
  A mottled dragon (Vaults:1)
  36 nagas
  37 wolves
  17 hippogriffs
  4 hungry ghosts
  6 basilisks
  2 hell hounds (Lair:8)
  43 vampire mosquitoes
  14 swamp worms
  4 insubstantial wisps (Swamp:3)
  13 black bears
  6 sky beasts
  8 porcupines
  25 water moccasins
  8 wasps
  38 ogres
  11 swamp drakes
  6 ice beasts
  67 orc warriors
  A black bear (shapeshifter) (Vaults:1)
  6 spiders
  3 boggarts (Vaults:2)
  4 phantoms
  2 necrophages
  17 crocodiles
  An eye of draining (D:11)
  20 centaurs
  2 brain worms (shapeshifter)
  16 giant frogs
  5 big kobolds
  A deep troll simulacrum (Vaults:1)
  An earth elemental (Abyss:1)
  A gnoll sergeant (D:10)
  A wyvern zombie (Ossuary)
  2 water moccasin zombies
  7 scorpions
  34 killer bees
  6 lava snakes
  5 wights
  4 centaur zombies
  2 electric eels
  11 bog bodies
  8 crimson imps
  19 hounds
  39 orc priests
  A wasp zombie (Ossuary)
  5 giant frog zombies
  Crazy Yiuf (D:6)
  Ijyb (D:3)
  6 jellies
  2 giant frog skeletons
  56 orc wizards
  A hell rat (D:9)
  5 centaur skeletons
  13 iguanas
  18 worker ants
  A quasit (D:6)
  A killer bee zombie (D:10)
  31 sheep
  6 mummies (Ossuary)
  2 hound zombies
  A hound skeleton (D:9)
  5 small abominations (Abyss:1)
  2 worker ant zombies
  15 adders
  4 gnolls
  88 river rats
  3 shadow imps
  An ufetubus (Abyss:1)
  2 oozes
  2 adder zombies (Ossuary)
  4 worms (D:2)
  2 adder skeletons
  A worm (shapeshifter) (Vaults:4)
  9 giant geckos
  360 orcs
  A ball python (D:1)
  13 bats
  2 bat zombies
  6 giant cockroaches
  32 goblins
  19 hobgoblins
  18 jackals
  30 kobolds
  4 quokkas
  A giant gecko zombie (Ossuary)
  7 giant newts
  A jackal zombie (Ossuary)
  A quokka skeleton (D:7)
  13 rats
  13 fungi
2260 creatures vanquished.

Vanquished Creatures (collateral kills)
  A thorn hunter (Swamp:3)
  A bog body (Swamp:3)
2 creatures vanquished.

Vanquished Creatures (others)
  A vault warden (Vaults:4)
  A fire crab (Vaults:3)
  A wizard (Vaults:3)
  6 ball lightnings
  A griffon (Vaults:3)
  A yaktaur (Vaults:3)
  A harpy zombie (Abyss:1)
  A giant leech (Swamp:4)
  A deep elf fighter (Vaults:4)
  2 humans (Swamp:3)
  A small abomination (Abyss:1)
  2 bushes (Lair:8)
  71 fungi
  68 plants
  4 toadstools (Swamp:1)
162 creatures vanquished.

Grand Total: 2424 creatures vanquished

Notes
Turn   | Place    | Note
--------------------------------------------------------------
     0 | D:1      | xXxYoL0xXxSWAGxXx the Demigod Conjurer began the quest for the Orb.
     0 | D:1      | Reached XP level 1. HP: 14/14 MP: 5/5
   480 | D:1      | Found a shattered altar of Ashenzari.
   625 | D:1      | Reached XP level 2. HP: 20/20 MP: 4/7
   707 | D:1      | Reached skill level 4 in Conjurations
  1007 | D:1      | Learned a level 2 spell: Searing Ray
  1489 | D:2      | Reached XP level 3. HP: 26/26 MP: 0/8
  2010 | D:2      | Reached skill level 5 in Conjurations
  2099 | D:2      | Found a shattered altar of Ashenzari.
  2207 | D:2      | Noticed Sigmund
  2399 | D:2      | HP: 1/26 [Sigmund/scythe of slicing (4)]
  2797 | D:3      | Reached XP level 4. HP: 31/33 MP: 9/9
  2946 | D:3      | Noticed Ijyb
  2966 | D:3      | Killed Ijyb
  3118 | D:3      | Noticed namelastname112's ghost (average DrSk)
  3363 | D:3      | Noticed a hippogriff
  3385 | D:3      | Killed a hippogriff
  3385 | D:3      | Reached skill level 6 in Conjurations
  3385 | D:3      | Reached XP level 5. HP: 6/38 MP: 2/10
  4197 | D:4      | Reached XP level 6. HP: 42/45 MP: 5/11
  4203 | D:4      | Learned a level 4 spell: Iskenderun's Mystic Blast
  4440 | D:4      | Noticed a black bear
  4447 | D:4      | Killed a black bear
  4925 | D:4      | Found a staircase to the Ecumenical Temple.
  4972 | D:4      | Found a white marble altar of Elyvilon.
  5111 | D:4      | Found a shimmering altar of Xom.
  5220 | D:5      | Entered Level 5 of the Dungeon
  5340 | D:5      | Reached XP level 7. HP: 50/50 MP: 9/16
  5529 | D:5      | Found an iron altar of Okawaru.
  5546 | D:5      | Noticed a wyvern
  5609 | D:5      | Found a burning altar of Makhleb.
  5959 | D:5      | Reached skill level 5 in Spellcasting
  5969 | D:5      | Learned a level 3 spell: Dazzling Spray
  6368 | D:5      | Killed a wyvern
  6368 | D:5      | Reached skill level 7 in Conjurations
  6498 | D:6      | Noticed Crazy Yiuf
  6503 | D:6      | Killed Crazy Yiuf
  6509 | D:6      | Got a pitted hammer
  6510 | D:6      | Identified the +10 hammer "Addug" {holy, rF+ rN+} (You found it on level 6 of the Dungeon)
  6751 | D:6      | Found a stormy altar of Qazlal.
  6753 | D:6      | Noticed an air elemental
  6753 | D:6      | Noticed a water elemental
  6786 | D:6      | Found a sand-covered staircase.
  6795 | Ossuary  | Entered an ossuary
  6866 | Ossuary  | Reached skill level 8 in Conjurations
  6889 | Ossuary  | Reached XP level 8. HP: 51/57 MP: 3/19
  7162 | Ossuary  | Reached skill level 9 in Conjurations
  8050 | D:6      | Reached skill level 10 in Conjurations
  8085 | D:6      | Learned a level 5 spell: Iskenderun's Battlesphere
  8351 | D:6      | Reached skill level 1 in Charms
  8803 | D:7      | Got an encrusted ring mail
  8815 | D:7      | Identified the cursed +1 ring mail "Heje" {Regen+ Str-2 Dex+3} (You found it on level 7 of the Dungeon)
  8852 | D:7      | Reached XP level 9. HP: 62/62 MP: 10/20
  9644 | D:8      | Found a snail-covered altar of Cheibriados.
  9664 | D:8      | Reached skill level 5 in Charms
  9782 | D:8      | Noticed Joseph
  9869 | D:8      | Got a pair of crude gloves
  9880 | D:8      | Identified the cursed +0 pair of gloves "Naaruoc" {Int+2 Slay+5} (You found it on level 8 of the Dungeon)
  9975 | D:8      | Noticed a cyclops
  9992 | D:8      | Killed a cyclops
 10589 | D:8      | Noticed Gastronok
 10639 | D:8      | Killed Gastronok
 10639 | D:8      | Reached XP level 10. HP: 62/69 MP: 2/21
 11390 | D:8      | Killed Joseph
 11558 | D:9      | Reached skill level 10 in Charms
 12383 | D:9      | Reached skill level 11 in Charms
 12579 | D:9      | Found an ancient bone altar of Kikubaaqudgha.
 12594 | D:9      | Noticed a hill giant
 12601 | D:9      | Killed a hill giant
 13177 | D:10     | Entered Level 10 of the Dungeon
 13290 | D:10     | Learned a level 6 spell: Haste
 13317 | D:9      | Reached XP level 11. HP: 56/74 MP: 4/24
 13475 | D:10     | Found a staircase to the Lair.
 14672 | D:10     | Found a staircase to the Orcish Mines.
 15024 | Lair:1   | Entered Level 1 of the Lair of Beasts
 15386 | Lair:1   | Noticed a six-headed hydra
 15398 | Lair:1   | Killed a six-headed hydra
 17313 | Lair:2   | Got a bloodstained dagger
 17317 | Lair:2   | Identified the +0 dagger of Disharmony {venom, -Tele Str+2 Int+4 Dex+8} (You found it on level 2 of the Lair of Beasts)
 18137 | Lair:1   | Reached skill level 10 in Spellcasting
 18647 | Lair:2   | Noticed a six-headed hydra
 18652 | Lair:2   | Killed a six-headed hydra
 19134 | Lair:2   | Noticed a four-headed hydra
 19140 | Lair:2   | Killed a four-headed hydra
 19140 | Lair:2   | Reached XP level 12. HP: 81/81 MP: 20/31
 19467 | Lair:3   | Noticed a seven-headed hydra
 19476 | Lair:3   | Killed a seven-headed hydra
 19476 | Lair:3   | Reached skill level 1 in Fighting
 19476 | Lair:3   | Reached skill level 1 in Armour
 20086 | Lair:3   | Noticed a seven-headed hydra
 20091 | Lair:3   | Killed a seven-headed hydra
 21854 | Lair:5   | Found a staircase to the Swamp.
 22207 | Lair:5   | Noticed a six-headed hydra
 22248 | Lair:5   | Killed a six-headed hydra
 22248 | Lair:5   | Reached skill level 5 in Dodging
 22832 | Lair:5   | Found a staircase to the Snake Pit.
 23119 | Lair:5   | Reached skill level 5 in Armour
 23269 | Lair:5   | Reached skill level 5 in Fighting
 23625 | Lair:5   | Reached XP level 13. HP: 100/100 MP: 16/32
 24553 | Lair:6   | Noticed Josephine
 24583 | Lair:6   | Killed Josephine
 25689 | Lair:6   | Got a wizard robe
 25691 | Lair:6   | Identified the cursed +0 robe of Philately {MP+9 Str+3 Dex+3 Slay+2} (You found it on level 6 of the Lair of Beasts)
 26499 | Lair:7   | Found a staircase to the Slime Pits.
 27179 | Lair:8   | Entered Level 8 of the Lair of Beasts
 27683 | Lair:8   | Paralysed by a hornet for 2 turns
 29429 | Lair:8   | Reached XP level 14. HP: 115/115 MP: 10/33
 31856 | Lair:8   | Reached skill level 1 in Evocations
 32215 | Lair:8   | Got a slimy buckler
 32216 | Lair:8   | Identified the +2 buckler "Duennal" {rC+ Str+2 Int+5 Dex-3} (You found it on level 8 of the Lair of Beasts)
 32340 | Lair:8   | Reached skill level 1 in Shields
 32944 | Orc:1    | Entered Level 1 of the Orcish Mines
 33072 | Orc:1    | Found Zigrui's Gadget Boutique.
 33091 | Orc:1    | Found Heiludd's General Store.
 33092 | Orc:1    | Bought a wand of invisibility (4) for 104 gold pieces
 33875 | Orc:3    | Noticed an orc warlord
 34496 | Orc:2    | Killed an orc warlord
 34915 | Orc:1    | Found Mionwoob's Food Shoppe.
 35390 | Orc:1    | Found Vadabag's Weapon Shop.
 35661 | Orc:3    | Found Bydio's Antique Weapon Shoppe.
 35818 | Orc:4    | Entered Level 4 of the Orcish Mines
 36390 | Orc:4    | Noticed an orc warlord
 36393 | Orc:4    | Found a roughly hewn altar of Beogh.
 36394 | Orc:4    | Noticed Saint Roka
 37526 | Orc:4    | Noticed an orc warlord
 37568 | Orc:4    | Killed an orc warlord
 37568 | Orc:4    | Reached skill level 5 in Evocations
 37723 | Orc:4    | Found a roughly hewn altar of Beogh.
 37744 | Orc:4    | Found Atiyhyxe's Magic Scroll Emporium.
 37750 | Orc:4    | Bought a scroll of blinking for 97 gold pieces
 37750 | Orc:4    | Bought a scroll of blinking for 97 gold pieces
 37758 | Orc:4    | Found Ryugibb's Armour Shoppe.
 39239 | Orc:4    | Noticed an orc warlord
 39309 | Orc:4    | Killed an orc warlord
 39309 | Orc:4    | Reached XP level 15. HP: 29/125 MP: 0/35
 39483 | Orc:4    | Found a staircase to the Elven Halls.
 39617 | Orc:4    | Paralysed by an orc sorcerer for 5 turns
 41061 | Orc:4    | Killed Saint Roka
 41463 | Orc:4    | Found Toronk's Antique Weapon Shoppe.
 41475 | Orc:4    | Bought an ancient long sword for 153 gold pieces
 41475 | Orc:4    | Identified the +4 long sword of Hemikeblir {elec, +Rage Dex+4} (You bought it in a shop on level 4 of the Orcish Mines)
 41477 | Orc:4    | Identified a scroll of acquirement
 41479 | Orc:4    | Got a pair of bloodstained boots
 41490 | Orc:4    | Identified the +1 pair of boots of Fortification {rF+} (You acquired it on level 4 of the Orcish Mines)
 41515 | Orc:4    | Found Ryosch's Distillery.
 41794 | Orc:4    | Killed an orc warlord
 42837 | Lair:2   | Learned a level 6 spell: Deflect Missiles
 42973 | Swamp:1  | Entered Level 1 of the Swamp
 43103 | Swamp:1  | Noticed a thorn hunter
 43111 | Swamp:1  | Killed a thorn hunter
 43111 | Swamp:1  | Reached skill level 10 in Fighting
 43111 | Swamp:1  | Reached skill level 10 in Dodging
 43111 | Swamp:1  | Reached skill level 1 in Air Magic
 43164 | Swamp:1  | Reached skill level 10 in Armour
 44751 | Swamp:2  | You fall through a shaft!
 44845 | Swamp:3  | Noticed a thorn hunter
 44892 | Swamp:3  | Killed a thorn hunter
 44892 | Swamp:3  | Reached skill level 5 in Air Magic
 45912 | Swamp:3  | Noticed Kirke
 45918 | Swamp:3  | Killed Kirke
 46156 | Swamp:3  | Learned a level 3 spell: Regeneration
 46338 | Swamp:4  | Entered Level 4 of the Swamp
 46369 | Swamp:4  | Noticed a thorn hunter
 46384 | Swamp:4  | Killed a thorn hunter
 47648 | Swamp:4  | Reached XP level 16. HP: 130/134 MP: 18/36
 48198 | Swamp:4  | Noticed the 27-headed Lernaean hydra
 48568 | Swamp:4  | Got a decaying rune of Zot
 49114 | Snake:1  | Entered Level 1 of the Snake Pit
 49205 | Snake:1  | Found Xereij Deagi's Assorted Antiques.
 49213 | Snake:1  | Bought a scroll of teleportation for 93 gold pieces
 49253 | Snake:1  | Reached skill level 10 in Air Magic
 50771 | Snake:2  | Noticed Nikola
 50792 | Snake:2  | Killed Nikola
 50847 | Snake:2  | Noticed Norris
 52044 | Snake:2  | Reached skill level 12 in Air Magic
 52174 | Snake:2  | Noticed Wiglaf
 53039 | Snake:2  | Killed Norris
 53425 | Snake:2  | Reached skill level 13 in Air Magic
 54552 | Snake:3  | Found an ancient bone altar of Kikubaaqudgha.
 54863 | Snake:3  | Reached XP level 17. HP: 140/140 MP: 9/37
 54968 | Snake:2  | Reached skill level 14 in Air Magic
 55520 | Snake:4  | Entered Level 4 of the Snake Pit
 58354 | Snake:4  | Reached skill level 15 in Air Magic
 59764 | Snake:4  | Reached skill level 16 in Air Magic
 61060 | Snake:4  | Got a serpentine rune of Zot
 61170 | Snake:4  | Reached XP level 18. HP: 147/147 MP: 19/39
 61542 | Lair:2   | Learned a level 9 spell: Tornado
 61734 | Orc:4    | Bought a potion of mutation for 40 gold pieces
 61734 | Orc:4    | Gained mutation: [You are weak. (Str -2)] [potion of mutation]
 61734 | Orc:4    | Gained mutation: You are somewhat resistant to further mutation. [potion of mutation]
 61734 | Orc:4    | Gained mutation: [Scrolls take you a little longer to read.] [potion of mutation]
 61735 | Orc:4    | Lost mutation: [Scrolls take you a little longer to read.] [potion of cure mutation]
 61735 | Orc:4    | Lost mutation: [You are weak. (Str -2)] [potion of cure mutation]
 61735 | Orc:4    | Lost mutation: You are somewhat resistant to further mutation. [potion of cure mutation]
 61736 | Orc:4    | Gained mutation: You have large cloven feet. [potion of beneficial mutation]
 62037 | D:11     | Noticed a seven-headed hydra
 62432 | D:11     | Killed an unseen horror
 62495 | D:11     | Noticed a five-headed hydra
 62501 | D:11     | Killed a seven-headed hydra
 62508 | D:11     | Killed a five-headed hydra
 62511 | D:11     | Reached skill level 17 in Air Magic
 65737 | D:12     | Found Entir's Magic Scroll Boutique.
 65741 | D:12     | Bought a scroll of fear for 59 gold pieces
 65741 | D:12     | Bought a scroll of enchant armour for 127 gold pieces
 65888 | D:13     | Noticed Nessos
 65979 | D:13     | Killed Nessos
 67724 | D:14     | Noticed Snorg
 67884 | D:14     | Killed Snorg
 68311 | D:14     | Found a gate to the Vaults.
 68433 | D:15     | Entered Level 15 of the Dungeon
 68750 | D:15     | Reached skill level 18 in Air Magic
 68797 | D:15     | Found a staircase to the Depths.
 69423 | D:15     | Noticed Sonja
 69426 | D:15     | Killed Sonja
 69438 | D:15     | Found Teitel's Armour Shoppe.
 69448 | D:15     | Bought the +0 mask of the Dragon {MR+ Slay+3 SInv} for 634 gold pieces
 69802 | Vaults:1 | Entered Level 1 of the Vaults
 70767 | Vaults:1 | Found Laug's Armour Emporium.
 75217 | Vaults:2 | Reached XP level 19. HP: 124/154 MP: 6/41
 76059 | Vaults:3 | Found a flickering gateway to a bazaar.
 76070 | Bazaar   | Entered a bazaar
 76083 | Bazaar   | Found Gushreh's Distillery.
 76083 | Bazaar   | Found Surgh's Antique Armour Emporium.
 76119 | Bazaar   | Found Qibb's Food Shoppe.
 76119 | Bazaar   | Found Suiq's Magic Scroll Shoppe.
 76137 | Bazaar   | Bought a scroll of recharging for 104 gold pieces
 76156 | Bazaar   | Bought 2 potions of beneficial mutation for 840 gold pieces
 76156 | Bazaar   | Bought a potion of beneficial mutation for 420 gold pieces
 76156 | Bazaar   | Gained mutation: Your mind is acute. (Int +2) [potion of beneficial mutation]
 76157 | Bazaar   | Gained mutation: You possess an exceptional clarity of mind. [potion of beneficial mutation]
 76158 | Bazaar   | Gained mutation: Your skin changes colour to match your surroundings (Stealth). [potion of beneficial mutation]
 76159 | Bazaar   | Bought a potion of heal wounds for 60 gold pieces
 76159 | Bazaar   | Bought a potion of heal wounds for 60 gold pieces
 76212 | Vaults:3 | Found a staircase to the Crypt.
 78501 | Vaults:4 | Reached skill level 19 in Air Magic
 79769 | Vaults:4 | Learned a level 6 spell: Conjure Ball Lightning
 80684 | Vaults:4 | Reached skill level 20 in Air Magic
 81370 | Vaults:4 | Noticed a golden dragon
 81370 | Vaults:4 | a shadow dragon changed into a golden dragon
 82080 | Vaults:4 | Reached XP level 20. HP: 161/161 MP: 17/44
 83293 | Elf:1    | Entered Level 1 of the Elven Halls
 83376 | Elf:1    | Learned a level 5 spell: Lightning Bolt
 83559 | Elf:1    | Found Eoic's Eclectic Emporium.
 83580 | Elf:1    | Bought a scroll of enchant armour for 105 gold pieces
 83580 | Elf:1    | Bought a scroll of enchant armour for 105 gold pieces
 84270 | Elf:2    | Reached skill level 21 in Air Magic
 84573 | Elf:2    | Found a huge runed gate.
 84573 | Elf:2    | Found a huge runed gate.
 84573 | Elf:2    | Found a huge runed gate.
 84574 | Elf:2    | Found a huge runed gate.
 84575 | Elf:2    | Found a huge runed gate.
 84733 | Elf:2    | Cast into the Abyss (long sword of distortion)
 86096 | Abyss:1  | Found a stormy altar of Qazlal.
 86660 | Abyss:1  | Killed from afar by a Hell Sentinel

Vault maps used:
D:1:      dpeg_arrival_chambers_temple_mockup, evilmike_ruin_ashenzari
D:2:      lemuel_doored_altar, corexii_item_surrounded_by_moat, uniq_sigmund
D:3:      uniq_iyjb
D:4:      lemuel_coloured_pillars_altar, old_standard_altar, temple_fountains,
          first_bread, item_on_display_a
D:5:      kennysheep_big_flooded_room, lemuel_crystal_altar,
          okawaru_metal_pillars_1_2, minmay_stone_trees_small, minivault_5
D:6:      nicolae_qazlal_style_of_elements, nicolae_ossuary_entry_ruins,
          uniq_crazy_yiuf_cottage
D:8:      basic_altar, uniq_joseph, uniq_gastronok
D:9:      kennysheep_little_box, blue_anna_alchemist
D:10:     dpeg_lair_monsters, erik_orc_1, small_statue_alley_b
D:11:     hangedman_cross_cluster
D:12:     lemuel_flame_loot_2, serial_shops, shop
D:13:     uniq_nessos
D:14:     david_vaults_2, spider_trap, uniq_snorg
D:15:     grunt_enter_depths_snipers, serial_shops,
          nicolae_shop_window_shopping, uniq_sonja
Lair:2:   lemuel_fruit_tree
Lair:3:   grunt_forest_large_clearings
Lair:5:   cheibrodos_magma_flow, swamp_mist, dummy_snake_entry,
          serial_bayou_lagoon_a, infiniplex_staircase_pool
Lair:6:   uniq_josephine
Lair:7:   minmay_slime_entry_pillars
Lair:8:   hangedman_lair_caniforms_friends, hangedman_lair_tendril_chambers
Swamp:1:  cheibrodos_swamp_tower_of_moss, nicolae_swamp_rocky_clearing,
          hangedman_swamp_lotus
Swamp:2:  evilmike_swamp_ruin_house_1
Swamp:3:  evilmike_swamp_ruin_wall, uniq_kirke
Swamp:4:  swamp_old_school
Snake:1:  serial_shops, shop
Snake:2:  nicolae_snake_hallway, uniq_nikola, uniq_wiglaf, uniq_norris
Snake:3:  basic_altar, spider_trap, grunt_megastairs_3
Snake:4:  snake_pit_salamanders_mu
Orc:1:    serial_shops, nicolae_shop_crystal, shop, shop, shop
Orc:2:    rock_pile
Orc:3:    serial_shops, shop, nicolae_orc_pool_cavern
Orc:4:    pubby_orc_utopia
Elf:1:    elf_arrival_002, hangedman_corner_corridor, spider_trap,
          nicolae_alphabet_shops
Elf:2:    serial_shops, shop_statue, uniq_aizul
Vaults:1: vaults_room_hallway, vaults_room_door_hall, special_room_vaults,
          nicolae_vaults_yaktaur_gun_rack, v_alt_pattern_2,
          hangedman_vaults_capsules, nicolae_vaults_alarming, v_alt_pattern_3,
          ontoclasm_vaults_ring_square, v_pattern_5, serial_shops, shop
Vaults:2: vaults_dpeg_diagonal, nicolae_vaults_three_branches,
          grunt_vaults_funnel, vaults_room_fours, ontoclasm_vaults_shuriken,
          vaults_mumra_hex, ontoclasm_vaults_ring_small
Vaults:3: minmay_crypt_entry_simple_sparse, nicolae_vaults_little_squares_4,
          vaults_room_stairs_pillars, st_lattice, hangedman_vaults_river_flow,
          v_pattern_3, nicolae_vaults_puzzle_piece, grunt_vaults_swirl,
          grunt_vaults_twisty, v_misc_3, serial_shops, freezing_bzr
Vaults:4: vaults_mumra_chevron, v_misc_26, dpeg_vaults_pockets_of_resistance,
          nicolae_vaults_hallways_thing, vaults_room_corners,
          vaults_room_door_ring, hangedman_vaults_restitches,
          ontoclasm_vaults_eye, nicolae_vaults_circle_grid_a,
          vaults_room_stairs_pillars, vaults_room_door_hall,
          dpeg_vaults_monster_row
Abyss:1:  evilmike_abyss_exit_1
Bazaar:   grunt_bazaar_doublecross
Ossuary:  ossuary_zaba_flooded

Action                   |  1- 3 |  4- 6 |  7- 9 | 10-12 | 13-15 | 16-18 | 19-21 || total
-------------------------+-------+-------+-------+-------+-------+-------+-------++-------
Melee: Whip              |     6 |       |       |       |       |       |       ||     6
       Rapier            |    12 |    98 |       |       |       |       |       ||   110
       Flail             |       |    42 |    46 |       |       |       |       ||    88
       Dagger            |       |       |    13 |   272 |   681 |   366 |    70 ||  1402
       Long sword        |       |       |       |       |       |    30 |    28 ||    58
       Staff             |       |       |       |       |       |       |     2 ||     2
 Cast: Magic Dart        |    99 |    35 |   137 |   519 |  1441 |  1615 |   379 ||  4225
       Searing Ray       |     2 |    16 |    64 |    86 |    64 |    59 |    29 ||   320
       Iskenderun's Myst |       |       |    16 |    31 |   139 |   314 |   373 ||   873
       Iskenderun's Batt |       |       |     1 |    91 |   294 |   335 |   135 ||   856
       Haste             |       |       |       |     1 |    28 |    19 |    15 ||    63
       Dazzling Spray    |       |       |       |       |     8 |     2 |       ||    10
       Deflect Missiles  |       |       |       |       |     2 |    10 |     7 ||    19
       Regeneration      |       |       |       |       |       |    16 |    17 ||    33
       Lightning Bolt    |       |       |       |       |       |       |    19 ||    19
       Conjure Ball Ligh |       |       |       |       |       |       |     2 ||     2
Evoke: Wand              |       |       |       |       |    17 |    10 |     4 ||    31
       Staff of energy   |       |       |       |       |     4 |    51 |   115 ||   170
       Sack of spiders   |       |       |       |       |     3 |       |     1 ||     4
       Fan of gales      |       |       |       |       |     1 |       |     1 ||     2
  Use: Scroll            |     6 |       |    12 |     6 |    23 |    14 |    11 ||    72
       Potion            |       |       |       |       |     9 |     6 |     7 ||    22
 Stab: Sleeping          |       |       |     1 |     2 |       |       |       ||     3
  Eat: Chunk             |     5 |    11 |    12 |    45 |    93 |    84 |    36 ||   286
       Beef jerky        |       |       |     1 |     2 |     3 |     1 |       ||     7
       Bread ration      |       |       |     1 |     1 |     1 |     2 |       ||     5
       Fruit             |       |       |       |     2 |       |    11 |       ||    13
       Pizza             |       |       |       |       |     3 |     1 |       ||     4
       Meat ration       |       |       |       |       |     2 |     1 |     1 ||     4
       Royal jelly       |       |       |       |       |     1 |     1 |       ||     2
